Map: Línea Aguablanca EE

Players

Medratuz

  • Race: Terran Terran
  • Spawn Location: 7:00

Asaru

  • Race: Terran Terran
  • Spawn Location: 6:00

Tiranus

  • Race: Terran Terran
  • Spawn Location: 7:00

MrFercho - Winner!

  • Race: Zerg Zerg
  • League: Silver
  • Spawn Location: 1:00

tigro - Winner!

  • Race: Terran Terran
  • League: Bronze
  • Spawn Location: 12:00

TATORREA - Winner!

  • Race: Protoss Protoss
  • League: Gold
  • Spawn Location: 1:00

VOD

Have the link to the VOD?

Description

Time

  • Played on: July 3, 2020, 11:12 p.m.
  • Length: 13:48
Show
View Real Time Build Order
Export as new Build Order

Medratuz Terran 

Build Orders:  

Get SALT Encoding   

  12  0:07  SCV  
  13  0:20  SCV  
  14  0:32  SCV, Supply Depot  
  15  0:40  Refinery  
  15  0:49  Refinery  
  15  0:53  SCV  
  16  1:05  SCV  
  16  1:08  Barracks  
  17  1:17  SCV  
  18  1:29  SCV  
  19  1:42  SCV  
  20  1:54  SCV  
  21  1:56  Engineering Bay  
  21  2:10  Factory  
  21  2:18  Supply Depot  
  21  2:23  Barracks Reactor  
  21  2:42  Supply Depot  
  21  2:51  Sensor Tower  
  21  2:59  Factory Tech Lab  
  21  3:06  Supply Depot  
  21  3:09  Starport, Terran Infantry Armor Level 1  
  21  3:31  Supply Depot  
  21  3:35  Command Center  
  21  3:52  Starport Reactor  
  21  4:00  Armory  
  21  4:04  Supply Depot  
  21  4:21  Orbital Command  
  21  4:32  Supply Depot  
  21  5:03  Neosteel Armor  
  21  5:04  Sensor Tower  
  21  5:11  Refinery  
  21  5:22  Fusion Core  
  21  5:24  Siege Tank  
  24  5:28  Marine  
  25  5:49  Missile Turret  
  25  5:56  Siege Tank  
  28  6:10  Missile Turret  
  28  6:32  Missile Turret  
  28  6:34  Refinery  
  28  7:12  Viking x2  
  28  7:13  Starport  
  32  7:18  Marine  
  32  7:19  Marine  
  34  7:36  Marine x2  
  36  7:42  Viking x2  
  40  7:50  Planetary Fortress  
  40  7:59  Starport Reactor  
  40  8:12  Viking  
  42  8:35  Starport  
  42  9:04  Viking x2  
  42  9:08  Viking  
  42  9:09  Viking  
  50  9:12  Marine x2  
  50  9:14  Starport Tech Lab  
  52  9:34  Viking x2  
  56  10:04  Viking  
  57  10:28  Battlecruiser  
  63  10:58  Terran Infantry Armor Level 2  
  63  11:32  Battlecruiser  
  56  11:49  Siege Tank  
  59  12:21  Siege Tank  
  32  12:54  Siege Tank  
  29  13:09  Marine x2  
  25  13:26  Marine x2  
Show
View Real Time Build Order
Export as new Build Order

Asaru Terran 

Build Orders:  

Get SALT Encoding   

  13  0:14  SCV  
  13  0:21  Supply Depot  
  13  0:26  SCV  
  14  0:41  Engineering Bay  
  14  0:53  Barracks  
  14  1:02  Supply Depot  
  14  1:13  Refinery  
  14  1:31  Refinery  
  14  1:34  SCV  
  15  2:01  Command Center  
  15  2:20  Factory  
  15  2:21  SCV  
  16  2:29  Marine  
  17  2:37  SCV  
  18  3:08  Refinery  
  18  3:19  Starport  
  18  3:23  SCV  
  19  3:27  Factory Tech Lab  
  19  3:34  Marine  
  19  3:35  SCV  
  19  3:41  SCV  
  22  3:52  Marine  
  23  3:58  Siege Tank  
  26  4:17  Supply Depot  
  26  4:23  SCV  
  27  4:32  Viking  
  29  4:41  Supply Depot  
  29  4:58  Fusion Core  
  29  5:04  Armory, Starport Tech Lab  
  29  5:08  SCV  
  30  5:20  SCV  
  31  5:31  Refinery  
  31  5:33  SCV x2  
  33  5:45  SCV  
  34  5:57  SCV  
  36  6:25  SCV  
  36  6:37  SCV  
  37  6:49  SCV  
  38  7:02  SCV  
  38  7:06  Viking  
  41  7:14  SCV  
  42  7:17  Starport  
  42  7:22  Starport  
  42  7:36  Viking  
  44  7:37  Missile Turret  
  44  7:51  Siege Tank  
  47  7:57  Missile Turret  
  47  8:06  Battlecruiser  
  47  8:07  SCV  
  54  8:16  Missile Turret  
  54  8:27  Supply Depot  
  54  8:44  Starport Tech Lab  
  54  8:45  Starport Tech Lab  
  54  8:49  Supply Depot  
  54  8:51  Orbital Command  
  54  9:11  Battlecruiser  
  54  9:13  Supply Depot  
  60  10:01  Command Center  
  60  10:12  Weapon Refit  
  60  10:15  Battlecruiser  
  60  10:17  Viking x2  
  70  10:46  Viking  
  70  10:47  Viking  
  74  11:02  Sensor Tower  
  74  11:16  Viking  
  75  11:19  Viking  
  50  11:38  Battlecruiser  
  48  11:46  Viking  
  49  11:49  Viking  
  51  12:16  Viking  
  51  12:19  Viking  
  33  12:42  Viking  
  27  12:46  Viking  
  20  13:11  Refinery  
Show
View Real Time Build Order
Export as new Build Order

Tiranus Terran 

Build Orders:  

Get SALT Encoding   

  12  0:01  SCV  
  13  0:14  SCV  
  14  0:32  Supply Depot  
  14  0:39  SCV  
  15  1:01  Barracks  
  15  1:07  SCV  
  16  1:12  Refinery  
  16  1:19  SCV  
  16  1:23  Refinery  
  17  1:31  SCV  
  18  1:42  Command Center  
  18  1:43  SCV  
  19  1:59  Marine  
  20  2:04  Engineering Bay  
  20  2:07  SCV  
  21  2:19  SCV  
  22  2:28  Supply Depot  
  22  2:32  SCV  
  23  2:52  Factory  
  23  2:58  SCV, Refinery  
  24  3:02  Orbital Command  
  24  3:10  SCV  
  25  3:19  Marine  
  26  3:22  SCV, Refinery  
  27  3:34  SCV  
  28  3:42  Ghost Academy  
  28  3:52  SCV  
  29  3:57  Orbital Command  
  29  4:04  SCV  
  29  4:05  Factory Tech Lab  
  29  4:06  Armory  
  30  4:16  SCV  
  31  4:26  Starport  
  34  4:33  Siege Tank  
  34  4:39  SCV  
  35  4:51  SCV  
  36  5:03  SCV  
  36  5:04  SCV  
  36  5:05  Siege Tank  
  41  5:15  SCV  
  41  5:16  SCV  
  41  5:17  Armory  
  41  5:18  Terran Vehicle Weapons Level 1  
  41  5:19  Starport Tech Lab  
  43  5:25  Starport  
  43  5:27  SCV  
  43  5:28  SCV  
  45  5:34  Fusion Core  
  45  5:39  SCV  
  46  6:02  Starport Tech Lab  
  46  6:06  Starport  
  46  6:11  Terran Vehicle And Ship Armor Level 1  
  46  6:29  Supply Depot  
  46  6:51  SCV x2, Battlecruiser, Supply Depot  
  54  7:01  Starport Tech Lab  
  54  7:13  Battlecruiser  
  54  7:14  Supply Depot  
  60  7:15  Starport  
  60  7:23  Starport  
  60  7:29  Terran Vehicle Weapons Level 2  
  60  7:33  SCV  
  60  7:36  Supply Depot  
  61  7:42  Armory  
  61  7:45  SCV  
  62  7:55  Battlecruiser  
  62  7:56  Starport Tech Lab  
  62  7:57  SCV  
  69  8:02  Starport  
  69  8:03  Starport Tech Lab  
  69  8:09  SCV  
  70  8:19  Sensor Tower  
  70  8:21  SCV  
  71  8:38  Supply Depot  
  71  8:42  Supply Depot  
  71  8:51  Starport Tech Lab  
  71  8:55  Battlecruiser  
  77  9:02  Supply Depot  
  77  9:03  Battlecruiser  
  77  9:05  Supply Depot  
  83  9:25  Supply Depot  
  83  9:29  Supply Depot  
  83  9:41  Command Center  
  83  9:51  Supply Depot  
  83  10:14  Supply Depot  
  83  10:27  Terran Vehicle And Ship Armor Level 2  
  83  10:29  Terran Vehicle Weapons Level 3  
  83  10:30  Terran Ship Weapons Level 1  
  83  10:36  Supply Depot  
  83  10:54  Refinery  
  84  10:57  SCV  
  84  11:09  SCV  
  85  11:12  Battlecruiser  
  85  11:13  Battlecruiser x2  
  103  11:20  Refinery  
  103  11:21  SCV  
  104  11:33  SCV  
  98  11:45  SCV  
  50  12:47  Liberator x4  
  50  12:48  Liberator x2  
Show
View Real Time Build Order
Export as new Build Order

MrFercho Zerg - Winner!

Build Orders: Hatch First 

Get SALT Encoding   

  12  0:09  Overlord  
  12  0:15  Drone  
  12  0:18  Drone  
  14  0:28  Drone  
  15  0:32  Drone  
  16  0:50  Drone  
  17  1:11  Hatchery  
  16  1:14  Spawning Pool  
  16  1:15  Drone  
  16  1:17  Drone  
  17  1:22  Drone  
  18  1:26  Drone  
  18  1:30  Extractor  
  18  1:38  Drone  
  19  1:47  Drone  
  20  2:00  Drone  
  21  2:03  Extractor  
  21  2:07  Queen  
  22  2:10  Overlord  
  22  2:23  Overlord x2  
  22  2:30  Drone  
  22  2:32  Queen  
  22  2:34  Drone  
  26  2:43  Drone  
  27  2:47  Lair  
  27  2:48  Drone  
  28  2:57  Drone x2  
  30  3:03  Drone  
  31  3:05  Drone  
  31  3:11  Queen  
  34  3:13  Drone  
  34  3:17  Drone x3  
  38  3:20  Drone  
  38  3:26  Drone  
  40  3:38  Drone x3  
  40  3:41  Drone  
  44  3:42  Drone x2  
  44  3:46  Drone  
  44  3:48  Drone x2  
  49  3:49  Drone  
  50  3:56  Extractor  
  50  3:58  Drone, Extractor  
  50  3:59  Drone  
  50  4:00  Drone  
  52  4:10  Drone  
  52  4:15  Overlord  
  52  4:20  Hydralisk Den  
  52  4:22  Hatchery  
  52  4:23  Evolution Chamber  
  49  4:29  Nydus Network  
  49  4:30  Pneumatized Carapace  
  48  4:48  Drone x3  
  48  4:50  Muscular Augments  
  48  4:51  Zerg Missile Weapons Level 1  
  51  4:53  Extractor  
  51  4:58  Extractor  
  49  5:00  Overseer  
  49  5:07  Drone  
  49  5:08  Drone x6  
  56  5:29  Drone x2  
  56  5:32  Overlord  
  56  5:33  Overlord  
  58  5:52  Hydralisk  
  58  5:53  Hydralisk x7  
  74  5:59  Overlord  
  74  6:01  Grooved Spines  
  74  6:13  Drone x5  
  79  6:33  Overseer  
  79  7:14  Overlord x9  
  79  7:15  Overlord x6  
  79  7:16  Overlord  
  79  7:20  Drone x2  
  79  7:21  Drone x7  
  88  7:32  Hydralisk  
  88  7:33  Hydralisk x2  
  88  7:36  Zerg Missile Weapons Level 2  
  94  7:41  Hatchery  
  94  7:44  Hatchery, Evolution Chamber  
  91  8:12  Hydralisk  
  91  8:13  Hydralisk x13  
  91  8:16  Zerg Ground Armor Level 1  
  119  8:23  Infestation Pit  
  119  8:26  Spire  
  117  8:39  Drone  
  117  8:40  Drone x5  
  123  8:53  Hydralisk  
  123  8:54  Hydralisk x3  
  131  9:02  Hydralisk x8  
  133  9:06  Hydralisk x4  
  155  9:11  Hive  
  155  9:13  Metabolic Boost  
  155  9:22  Drone  
  155  9:23  Drone x5  
  161  9:27  Extractor  
  161  9:29  Extractor  
  159  9:51  Hydralisk  
  159  9:52  Hydralisk x16  
  193  10:13  Spore Crawler  
  192  10:38  Nydus Canal  
  192  10:59  Nydus Canal  
  188  11:22  Hydralisk x11  
  98  11:54  Mutalisk x11  
  98  11:55  Mutalisk x10  
  140  12:05  Nydus Canal  
  140  12:30  Hydralisk x7  
  140  12:31  Hydralisk x5  
Show
View Real Time Build Order
Export as new Build Order

tigro Terran - Winner!

Build Orders:  

Get SALT Encoding   

  12  0:02  SCV  
  13  0:14  SCV  
  14  0:25  Supply Depot  
  14  0:27  SCV  
  15  0:43  Refinery  
  15  0:46  SCV  
  16  0:53  Barracks  
  16  0:58  SCV  
  16  1:02  Refinery  
  17  1:11  SCV  
  18  1:23  SCV  
  19  1:32  Supply Depot  
  19  1:35  SCV  
  20  1:42  Marine  
  21  1:47  SCV  
  22  1:59  SCV  
  22  2:00  Marine  
  24  2:11  SCV  
  24  2:13  Barracks  
  25  2:18  Marine  
  26  2:36  Marine  
  27  2:54  Marine  
  27  2:56  Orbital Command  
  28  3:06  Engineering Bay  
  28  3:07  Factory  
  28  3:20  Barracks Reactor, Barracks Tech Lab  
  28  3:33  Terran Infantry Weapons Level 1  
  28  3:49  Combat Shield  
  28  3:59  Factory Tech Lab  
  28  4:12  Marine x3  
  28  4:14  Starport  
  31  4:28  Missile Turret  
  31  4:30  Marine x3  
  34  4:47  Marine  
  34  4:48  Marine x2  
  34  4:50  Missile Turret  
  37  4:57  Medivac  
  39  5:07  Stimpack  
  39  5:12  Missile Turret  
  39  5:15  Marine x3  
  42  5:27  Terran Infantry Armor Level 1  
  42  5:29  Starport Tech Lab  
  42  5:31  Command Center  
  42  5:32  Marine  
  42  5:33  Missile Turret  
  43  5:55  Missile Turret  
  43  5:57  Siege Tank  
  46  6:18  Starport  
  46  6:19  Supply Depot  
  46  6:42  Supply Depot  
  46  6:43  Refinery  
  46  6:55  SCV, Refinery  
  47  7:02  Starport Tech Lab  
  47  7:07  SCV  
  48  7:12  Armory  
  48  7:19  SCV  
  49  7:28  Hi-Sec Auto Tracking  
  49  7:31  SCV  
  49  7:33  Siege Tank  
  53  7:43  SCV  
  54  7:56  SCV  
  55  8:03  Fusion Core  
  55  8:05  Siege Tank  
  55  8:08  SCV  
  59  8:15  Missile Turret  
  59  8:20  SCV  
  59  8:25  Neosteel Armor  
  60  8:32  SCV  
  61  8:44  SCV  
  61  8:46  Missile Turret  
  62  8:56  SCV  
  63  9:06  Missile Turret  
  63  9:10  SCV  
  64  9:22  SCV  
  65  9:27  Supply Depot  
  65  9:30  Missile Turret  
  65  9:34  SCV  
  66  9:42  Battlecruiser x2  
  78  9:47  SCV  
  78  9:52  Supply Depot  
  79  9:59  SCV, Weapon Refit  
  80  10:05  Terran Infantry Weapons Level 2  
  80  10:22  Marine  
  80  10:23  Marine x2  
  83  10:31  Terran Vehicle Weapons Level 1  
  83  10:40  Marine x3  
  86  10:46  Battlecruiser  
  92  10:58  Marine x3  
  95  11:16  Medivac, Marine x3  
  100  11:27  Command Center  
  100  11:34  Marine x3  
  103  11:51  Marine  
  103  11:52  Marine x2  
  65  12:09  Marine x3  
  65  12:10  Medivac  
  70  12:27  Marine x3  
  73  12:32  Battlecruiser  
  79  12:40  Battlecruiser, Refinery  
  85  12:45  Marine x3  
  88  13:03  Marine x3  
  85  13:20  Marine  
  85  13:21  Marine x2  
Show
View Real Time Build Order
Export as new Build Order

TATORREA Protoss - Winner!

Build Orders:  

Get SALT Encoding   

  12  0:01  Probe  
  13  0:13  Probe  
  14  0:25  Probe  
  14  0:26  Pylon  
  15  0:44  Probe, Gateway  
  16  0:54  Probe  
  17  1:00  Assimilator  
  17  1:02  Probe  
  17  1:04  Pylon  
  17  1:10  Probe  
  19  1:22  Probe, Assimilator  
  20  1:33  Cybernetics Core  
  20  1:34  Probe  
  21  1:46  Probe  
  22  1:58  Nexus  
  22  2:01  Probe  
  23  2:12  Pylon  
  23  2:13  Probe  
  24  2:20  Warp Gate  
  24  2:25  Probe  
  25  2:32  Stalker  
  27  2:42  Probe, Robotics Facility  
  28  2:56  Probe  
  29  3:03  Gateway  
  29  3:06  Gateway  
  29  3:08  Probe  
  29  3:11  Sentry  
  32  3:13  Probe  
  33  3:25  Probe  
  33  3:26  Probe, Pylon  
  35  3:37  Probe, Stalker  
  35  3:38  Probe  
  35  3:39  Observer  
  40  3:52  Probe  
  40  3:55  Probe  
  42  4:01  Immortal  
  46  4:07  Probe  
  46  4:08  Probe  
  48  4:18  Nexus  
  48  4:22  Pylon  
  48  4:24  Pylon  
  48  4:31  Probe  
  49  4:32  Probe, Assimilator  
  49  4:34  Assimilator  
  50  4:38  Stalker  
  50  4:43  Probe  
  53  4:47  Stalker  
  53  4:48  Stalker  
  53  4:50  Probe  
  58  4:55  Probe  
  59  5:02  Probe  
  60  5:07  Probe  
  60  5:11  Pylon  
  60  5:13  Pylon  
  62  5:14  Probe  
  62  5:16  Pylon  
  62  5:19  Probe  
  62  5:20  Stalker  
  62  5:21  Stalker  
  67  5:23  Stalker  
  67  5:27  Probe  
  70  5:31  Probe x2  
  72  5:37  Gateway  
  72  5:39  Probe  
  73  5:43  Probe x2  
  73  5:48  Immortal  
  79  5:51  Probe  
  79  5:55  Probe  
  79  5:56  Probe  
  82  5:58  Stalker  
  82  5:59  Stalker  
  82  6:03  Stalker  
  88  6:05  Probe  
  88  6:08  Probe  
  88  6:09  Probe  
  91  6:20  Forge  
  91  6:21  Forge  
  91  6:24  Forge  
  91  6:26  Twilight Council  
  91  6:27  Probe x2  
  91  6:28  Probe  
  94  6:35  Assimilator  
  94  6:38  Assimilator  
  94  6:49  Nexus  
  94  6:50  Pylon  
  94  6:53  Pylon  
  94  6:56  Pylon  
  94  6:57  Probe x2  
  94  6:58  Probe, Pylon  
  97  7:02  Pylon  
  97  7:05  Pylon  
  97  7:06  Stalker x3  
  103  7:09  Stalker  
  103  7:13  Probe  
  103  7:14  Probe x2  
  108  7:25  Protoss Ground Weapons Level 1  
  108  7:26  Protoss Shields Level 1, Protoss Ground Armor Level 1  
  108  7:32  Probe x3  
  113  7:44  Probe x3  
  113  7:49  Cybernetics Core  
  114  7:53  Protoss Air Weapons Level 1, Stargate  
  114  7:55  Stargate  
  114  8:01  Stargate  
  114  8:02  Probe  
  114  8:03  Probe x2  
  117  8:06  Stalker x2, Pylon  
  117  8:07  Stalker x2  
  117  8:10  Probe  
  126  8:18  Immortal  
  126  8:19  Probe  
  131  8:20  Probe x2  
  131  8:23  Probe  
  134  8:29  Assimilator  
  134  8:32  Assimilator  
  134  8:45  Nexus  
  134  8:46  Pylon  
  134  8:49  Stalker  
  134  8:50  Stalker x2  
  134  8:52  Stalker, Pylon  
  142  9:01  Gateway  
  142  9:03  Gateway  
  142  9:06  Gateway  
  142  9:09  Gateway  
  142  9:10  Gateway  
  142  9:20  Fleet Beacon  
  142  9:31  Stalker x2  
  142  9:32  Stalker x2  
  150  9:41  Protoss Shields Level 2, Protoss Ground Armor Level 2  
  150  9:42  Protoss Ground Weapons Level 2  
  150  9:44  Protoss Air Armor Level 1  
  150  9:57  Gateway x2  
  150  10:00  Gateway  
  150  10:02  Gateway  
  150  10:03  Gateway  
  150  10:05  Gateway  
  150  10:07  Phoenix x3  
  150  10:08  Gateway  
  150  10:11  Gateway x2  
  150  10:13  Gateway  
  156  10:15  Gateway  
  156  10:19  Anion Pulse-Crystals  
  156  10:20  Blink  
  156  10:24  Stalker x2  
  156  10:25  Stalker x4  
  156  10:26  Stalker x3  
  174  10:36  Templar Archives  
  174  10:46  Phoenix x3  
  174  10:47  Protoss Air Weapons Level 2  
  180  10:58  Stalker x2  
  180  10:59  Stalker x3  
  180  11:00  Stalker x2  
  180  11:02  Stalker  
  180  11:04  Stalker  
  198  11:07  Stalker  
  168  12:24  Assimilator  
  148  12:33  Assimilator  
  116  12:49  Stalker x2  
  116  12:50  Stalker x3  
  116  12:51  Stalker x3  
  128  12:52  Stalker x2  
  128  12:53  Stalker x4  
  128  12:54  Stalker x4  
  128  12:55  Stalker x2  
  150  13:23  Stalker x2  
  150  13:24  Stalker x3  
  150  13:25  Stalker x5  
  150  13:26  Stalker x4  
  150  13:27  Stalker  
Tags
 
Add a new tag
Caveats
  • Supply blocks, unpowered buildings, or Contaminate may cause inaccurate times.
  • Supply counts are checked every 10 seconds.